[ AOE2 MATCH · #479320565 ]
UnrankedHindustanis vs Franks
[ REPLAY ANALYSIS · EXTRACTED FROM THE RECORDED GAME ]
Feudal
10:30
Castle
14:04
Imperial
28:27
| APM avg | 46.7 |
| APM peak | 88 |
| eAPM avg | 22.6 |
| Villagers / military | 169 / 210 |
Focus
⚔️ 35.4% · 🌾 64.6%
Camel Scout ×107 · Ghulam ×46 · Scout Cavalry ×43 · Bombard Cannon ×10 · Monk ×4
Feudal
13:28
Castle
19:37
Imperial
35:59
| APM avg | 12.4 |
| APM peak | 29 |
| eAPM avg | 10.0 |
| Villagers / military | 115 / 136 |
Focus
⚔️ 32.4% · 🌾 67.6%
Spearman ×74 · Knight ×55 · Trade Cart ×11 · Petard ×5 · Scout Cavalry ×2
Feudal
12:22
Castle
17:07
Imperial
35:42
| APM avg | 21.4 |
| APM peak | 63 |
| eAPM avg | 11.6 |
| Villagers / military | 114 / 30 |
Focus
⚔️ 16.0% · 🌾 84.0%
Cataphract ×21 · Petard ×9
Feudal
12:26
Castle
16:21
Imperial
39:29
| APM avg | 16.7 |
| APM peak | 33 |
| eAPM avg | 12.6 |
| Villagers / military | 95 / 276 |
Focus
⚔️ 33.0% · 🌾 67.0%
Archer ×133 · Spearman ×96 · Berserk ×40 · Trebuchet (Packed) ×6 · Skirmisher ×1
Feudal
11:40
Castle
15:14
Imperial
28:37
| APM avg | 24.0 |
| APM peak | 60 |
| eAPM avg | 12.4 |
| Villagers / military | 136 / 149 |
Focus
⚔️ 26.4% · 🌾 73.6%
Spearman ×140 · Monk ×5 · Bombard Cannon ×3 · Trebuchet (Packed) ×1
Feudal
11:31
Castle
16:02
Imperial
39:43
| APM avg | 31.0 |
| APM peak | 67 |
| eAPM avg | 22.9 |
| Villagers / military | 124 / 169 |
Focus
⚔️ 47.4% · 🌾 52.6%
Jaguar Warrior ×129 · Spearman ×23 · Battering Ram ×17
Feudal
10:49
Castle
18:52
Imperial
33:12
| APM avg | 18.2 |
| APM peak | 54 |
| eAPM avg | 9.3 |
| Villagers / military | 95 / 72 |
Focus
⚔️ 24.6% · 🌾 75.4%
War Elephant ×58 · Knight ×11 · Camel Scout ×3
Feudal
—
Castle
—
Imperial
—
| APM avg | 35.3 |
| APM peak | 141 |
| eAPM avg | 34.9 |
| Villagers / military | 80 / 45 |
Focus
⚔️ 3.8% · 🌾 96.2%
Spearman ×35 · Scout Cavalry ×10
Match map
Initial resources + every placement click. Lines = walls · curves = elevation contours. ◆ gold · ⬟ stone · ● berries · ✦ relic · ◌ wall gap
Your base· ✓ Closed at 14:04 · 0t walls · 2 gate(s)
MANMOOSE's base· ✓ Closed at 19:37 · 0t walls · 2 gate(s)
rodrigolbs's base· ✓ Closed at 17:07 · 0t walls · 3 gate(s)
Blade's base· ✓ Closed at 16:21 · 0t walls · 3 gate(s)
biig_fiix's base· ✓ Closed at 15:14 · 0t walls · 2 gate(s)
acp961's base· ✓ Closed at 16:02 · 0t walls · 3 gate(s)
HandsomeSquidward's base· ✓ Closed at 18:52 · 0t walls · 3 gate(s)
rubeolay's base· ✓ Closed at 18:16 · 0t walls · 2 gate(s)
Smoothed initial terrain · ◌ = detected wall gap · hover for details
Inputs per minute
— Xavi-10- - - MANMOOSE
Build order — Xavi-10-
First 150 of 428 actions detected
| 0:00 | Create | Villager (Male) |
| 0:01 | Create | Villager (Male) |
| 0:01 | Create | Villager (Male) |
| 0:01 | Create | Villager (Male) |
| 0:01 | Create | Villager (Male) |
| 0:03 | Build | House |
| 0:04 | Build | House |
| 1:05 | Create | Villager (Male) |
| 1:06 | Create | Villager (Male) |
| 1:25 | Create | Villager (Male) |
| 1:25 | Create | Villager (Male) |
| 1:50 | Create | Villager (Male) |
| 1:50 | Create | Villager (Male) |
| 2:15 | Create | Villager (Male) |
| 2:15 | Create | Villager (Male) |
| 2:18 | Build | Lumber Camp |
| 2:36 | Create | Villager (Male) |
| 2:36 | Create | Villager (Male) |
| 3:07 | Create | Villager (Male) |
| 3:07 | Create | Villager (Male) |
| 3:49 | Create | Villager (Male) |
| 3:49 | Create | Villager (Male) |
| 3:58 | Build | House |
| 4:00 | Build | House |
| 4:05 | Create | Villager (Male) |
| 4:05 | Create | Villager (Male) |
| 4:49 | Build | Mill |
| 5:03 | Build | House |
| 5:06 | Create | Villager (Male) |
| 5:45 | Create | Villager (Male) |
| 5:45 | Create | Villager (Male) |
| 5:51 | Create | Villager (Male) |
| 6:21 | Create | Villager (Male) |
| 7:03 | Build | Farm |
| 7:08 | Build | Farm |
| 7:11 | Create | Villager (Male) |
| 7:51 | Create | Villager (Male) |
| 7:52 | Research | Feudal Age |
| 8:26 | Build | Mining Camp |
| 9:18 | Create | Villager (Male) |
| 9:18 | Create | Villager (Male) |
| 10:30 | Age | Feudal Age |
| 10:33 | Build | Blacksmith |
| 10:36 | Build | Market |
| 11:24 | Research | Castle Age |
| 11:24 | Research | Castle Age |
| 11:32 | Build | House |
| 11:59 | Build | Farm |
| 12:00 | Research | Double-Bit Axe |
| 12:05 | Research | Horse Collar |
| 12:33 | Build | Farm |
| 12:35 | Build | Farm |
| 13:54 | Create | Villager (Male) |
| 14:04 | Age | Castle Age |
| 14:08 | Build | Monastery |
| 14:20 | Build | Town Center |
| 14:22 | Create | Villager (Male) |
| 14:26 | Research | Bow Saw |
| 14:36 | Create | Villager (Male) |
| 14:46 | Build | Farm |
| 14:47 | Build | Farm |
| 14:48 | Build | Farm |
| 14:54 | Create | Villager (Male) |
| 15:12 | Create | Monk |
| 15:12 | Create | Monk |
| 15:22 | Build | House |
| 15:24 | Build | House |
| 15:25 | Create | Villager (Male) |
| 15:25 | Create | Villager (Male) |
| 15:25 | Create | Villager (Male) |
| 15:29 | Build | Farm |
| 15:32 | Create | Villager (Male) |
| 15:51 | Create | Villager (Male) |
| 16:07 | Create | Monk |
| 16:08 | Create | Monk |
| 16:19 | Create | Villager (Male) |
| 16:21 | Build | House |
| 16:25 | Create | Villager (Male) |
| 16:26 | Create | Villager (Male) |
| 16:30 | Build | Farm |
| 16:31 | Build | Farm |
| 16:34 | Build | Farm |
| 16:37 | Build | Farm |
| 16:39 | Build | Farm |
| 16:43 | Build | Farm |
| 16:44 | Create | Villager (Male) |
| 16:44 | Create | Villager (Male) |
| 16:44 | Create | Villager (Male) |
| 17:01 | Create | Villager (Male) |
| 17:07 | Build | Farm |
| 17:10 | Build | Farm |
| 17:12 | Build | Farm |
| 17:14 | Build | Farm |
| 17:15 | Create | Villager (Male) |
| 17:31 | Create | Villager (Male) |
| 17:50 | Create | Villager (Male) |
| 17:52 | Build | Farm |
| 17:53 | Build | Farm |
| 18:07 | Create | Villager (Male) |
| 18:39 | Build | Town Center |
| 18:41 | Create | Villager (Male) |
| 18:41 | Create | Villager (Male) |
| 18:42 | Create | Villager (Male) |
| 18:42 | Create | Villager (Male) |
| 18:44 | Build | Farm |
| 18:58 | Create | Villager (Male) |
| 19:15 | Create | Villager (Male) |
| 19:16 | Create | Villager (Male) |
| 19:18 | Build | Farm |
| 19:22 | Build | Farm |
| 19:22 | Create | Villager (Male) |
| 19:34 | Build | Farm |
| 19:36 | Build | Mill |
| 19:37 | Build | Farm |
| 19:37 | Build | Farm |
| 19:37 | Build | Farm |
| 19:41 | Build | Farm |
| 19:50 | Build | Farm |
| 19:51 | Create | Villager (Male) |
| 19:58 | Research | Wheelbarrow |
| 20:08 | Create | Villager (Male) |
| 20:08 | Create | Villager (Male) |
| 20:09 | Create | Villager (Male) |
| 20:09 | Create | Villager (Male) |
| 20:13 | Build | House |
| 20:15 | Build | House |
| 20:23 | Build | House |
| 20:30 | Build | House |
| 20:32 | Build | House |
| 20:34 | Build | House |
| 20:35 | Create | Villager (Male) |
| 20:35 | Create | Villager (Male) |
| 20:42 | Build | Barracks |
| 20:50 | Research | Loom |
| 21:13 | Create | Villager (Male) |
| 21:13 | Create | Villager (Male) |
| 21:28 | Research | Hand Cart |
| 21:29 | Create | Villager (Male) |
| 21:29 | Create | Villager (Male) |
| 21:30 | Create | Villager (Male) |
| 21:37 | Create | Villager (Male) |
| 21:46 | Build | Lumber Camp |
| 21:51 | Build | Stable |
| 21:53 | Create | Villager (Male) |
| 22:15 | Create | Villager (Male) |
| 22:23 | Build | Stable |
| 22:28 | Build | House |
| 22:31 | Build | University |
| 22:34 | Create | Villager (Male) |
| 22:50 | Build | Mining Camp |
Build order — MANMOOSE
First 150 of 266 actions detected
| 0:02 | Create | Villager (Male) |
| 0:02 | Create | Villager (Male) |
| 0:02 | Create | Villager (Male) |
| 0:05 | Build | House |
| 0:06 | Build | House |
| 0:09 | Build | House |
| 0:12 | Build | House |
| 0:45 | Build | House |
| 0:50 | Create | Villager (Male) |
| 1:43 | Create | Villager (Male) |
| 2:19 | Create | Villager (Male) |
| 2:20 | Create | Villager (Male) |
| 2:58 | Create | Villager (Male) |
| 3:17 | Create | Villager (Male) |
| 3:37 | Create | Villager (Male) |
| 3:45 | Create | Villager (Male) |
| 3:46 | Create | Villager (Male) |
| 3:53 | Research | Loom |
| 4:22 | Create | Villager (Male) |
| 4:22 | Create | Villager (Male) |
| 5:00 | Create | Villager (Male) |
| 5:01 | Create | Villager (Male) |
| 5:01 | Create | Villager (Male) |
| 5:50 | Build | Mill |
| 6:39 | Create | Villager (Male) ×2 |
| 7:05 | Build | Mill |
| 7:57 | Create | Villager (Male) ×5 |
| 8:11 | Build | Lumber Camp |
| 9:28 | Create | Villager (Male) |
| 9:29 | Create | Villager (Male) |
| 9:29 | Create | Villager (Male) |
| 10:12 | Build | Mining Camp |
| 11:18 | Research | Feudal Age |
| 11:24 | Build | Mining Camp |
| 11:42 | Create | Villager (Male) |
| 12:55 | Build | Farm |
| 12:55 | Build | Farm |
| 12:56 | Build | Farm |
| 12:56 | Build | Farm |
| 13:28 | Age | Feudal Age |
| 13:29 | Research | Wheelbarrow |
| 13:31 | Research | Double-Bit Axe |
| 13:37 | Build | Farm |
| 13:37 | Build | Farm |
| 13:37 | Build | Farm |
| 13:38 | Build | Farm |
| 13:39 | Build | Farm |
| 13:40 | Build | Farm |
| 13:46 | Build | Farm |
| 13:46 | Build | Farm |
| 13:59 | Build | Farm |
| 14:04 | Build | Farm |
| 14:04 | Build | Farm |
| 14:05 | Build | Farm |
| 14:05 | Build | Farm |
| 14:08 | Create | Villager (Male) |
| 14:09 | Create | Villager (Male) |
| 14:09 | Create | Villager (Male) |
| 14:11 | Create | Villager (Male) |
| 14:35 | Build | House |
| 14:36 | Build | House |
| 14:37 | Build | House |
| 14:38 | Build | House |
| 15:38 | Build | Market |
| 15:56 | Build | Blacksmith |
| 16:19 | Build | Farm |
| 16:37 | Build | Mining Camp |
| 16:57 | Research | Castle Age |
| 17:09 | Research | Gold Mining |
| 17:11 | Research | Stone Mining |
| 17:42 | Build | Barracks |
| 17:50 | Research | Scale Barding Armor |
| 17:50 | Research | Forging |
| 17:55 | Create | Villager (Male) |
| 18:33 | Create | Villager (Male) |
| 18:33 | Create | Villager (Male) |
| 18:34 | Create | Villager (Male) |
| 18:35 | Create | Villager (Male) |
| 18:50 | Build | Archery Range |
| 18:52 | Build | Stable |
| 18:56 | Build | Stable |
| 19:37 | Age | Castle Age |
| 19:59 | Build | Town Center |
| 20:27 | Research | Bow Saw |
| 21:15 | Create | Villager (Male) ×5 |
| 21:38 | Build | Town Center |
| 21:51 | Create | Villager (Male) ×5 |
| 21:56 | Create | Villager (Male) ×5 |
| 22:10 | Research | Hand Cart |
| 22:31 | Research | Gold Shaft Mining |
| 22:58 | Create | Villager (Male) ×5 |
| 23:04 | Create | Villager (Male) |
| 23:08 | Create | Villager (Male) |
| 23:13 | Create | Villager (Male) |
| 23:13 | Create | Villager (Male) |
| 23:40 | Create | Villager (Male) ×5 |
| 24:01 | Build | Stable |
| 24:03 | Build | Stable |
| 24:06 | Build | Stable |
| 24:13 | Build | Stable |
| 24:16 | Build | Stable |
| 24:21 | Build | Stable |
| 24:26 | Research | Husbandry |
| 24:31 | Create | Villager (Male) ×2 |
| 24:37 | Build | Farm |
| 24:37 | Build | Farm |
| 24:50 | Build | Farm |
| 24:57 | Build | House |
| 25:00 | Build | House |
| 25:01 | Build | House |
| 25:02 | Build | House |
| 25:03 | Build | House |
| 25:04 | Build | House |
| 25:05 | Build | House |
| 25:06 | Build | House |
| 25:43 | Create | Villager (Male) ×5 |
| 26:03 | Build | Farm |
| 26:03 | Build | Farm |
| 26:07 | Build | Farm |
| 26:18 | Build | Farm |
| 26:18 | Build | Farm |
| 26:19 | Build | Farm |
| 26:19 | Build | Farm |
| 26:25 | Build | Farm |
| 26:26 | Build | Farm |
| 26:33 | Build | Farm |
| 26:34 | Build | Farm |
| 26:39 | Build | Farm |
| 26:43 | Build | Farm |
| 26:48 | Build | Farm |
| 26:54 | Build | Farm |
| 27:02 | Create | Knight ×5 |
| 27:06 | Create | Knight ×5 |
| 27:11 | Build | Farm |
| 27:18 | Build | Farm |
| 27:23 | Create | Villager (Male) ×5 |
| 27:25 | Create | Villager (Male) ×4 |
| 27:45 | Build | House |
| 27:47 | Build | House |
| 27:48 | Build | House |
| 27:49 | Build | House |
| 27:50 | Build | House |
| 27:52 | Build | House |
| 27:53 | Build | House |
| 27:54 | Build | House |
| 27:55 | Build | House |
| 27:56 | Build | House |
| 28:07 | Build | Castle |
| 28:09 | Build | Mining Camp |
| 28:30 | Build | Lumber Camp |
Build order — rodrigolbs
First 150 of 269 actions detected
| 0:02 | Create | Villager (Male) |
| 0:02 | Create | Villager (Male) |
| 0:02 | Create | Villager (Male) |
| 0:04 | Build | House |
| 0:05 | Build | House |
| 0:23 | Create | Villager (Male) |
| 0:24 | Create | Villager (Male) |
| 1:26 | Create | Villager (Male) |
| 1:46 | Build | Lumber Camp |
| 2:02 | Create | Villager (Male) |
| 2:02 | Create | Villager (Male) |
| 2:15 | Create | Villager (Male) |
| 2:15 | Create | Villager (Male) |
| 3:07 | Create | Villager (Male) |
| 3:08 | Create | Villager (Male) |
| 3:52 | Create | Villager (Male) |
| 3:52 | Create | Villager (Male) |
| 3:57 | Build | House |
| 4:16 | Create | Villager (Male) |
| 5:20 | Build | Mill |
| 5:23 | Create | Villager (Male) |
| 5:23 | Create | Villager (Male) |
| 5:57 | Create | Villager (Male) |
| 6:44 | Create | Villager (Male) |
| 6:44 | Create | Villager (Male) |
| 6:45 | Create | Villager (Male) |
| 6:49 | Build | House |
| 7:58 | Create | Villager (Male) |
| 7:58 | Create | Villager (Male) |
| 8:27 | Create | Villager (Male) |
| 8:27 | Create | Villager (Male) |
| 9:45 | Build | Farm |
| 9:47 | Create | Villager (Male) |
| 9:55 | Build | Mining Camp |
| 9:59 | Build | Farm |
| 10:04 | Research | Feudal Age |
| 10:08 | Build | Farm |
| 10:12 | Build | Farm |
| 10:47 | Build | House |
| 11:20 | Create | Villager (Male) |
| 11:20 | Create | Villager (Male) |
| 12:22 | Age | Feudal Age |
| 12:27 | Build | Blacksmith |
| 12:31 | Build | Market |
| 12:35 | Create | Villager (Male) |
| 12:50 | Build | Farm |
| 12:57 | Build | Mining Camp |
| 13:13 | Create | Villager (Male) |
| 13:13 | Create | Villager (Male) |
| 14:15 | Research | Castle Age |
| 14:33 | Build | Farm |
| 14:40 | Research | Double-Bit Axe |
| 14:51 | Build | Farm |
| 15:18 | Build | House |
| 15:19 | Build | House |
| 15:34 | Research | Horse Collar |
| 15:46 | Build | Farm |
| 15:47 | Build | Farm |
| 15:47 | Build | Farm |
| 15:47 | Build | Farm |
| 16:08 | Research | Gold Mining |
| 16:09 | Create | Villager (Male) |
| 16:10 | Create | Villager (Male) |
| 17:02 | Research | Loom |
| 17:03 | Create | Villager (Male) |
| 17:03 | Create | Villager (Male) |
| 17:07 | Age | Castle Age |
| 17:44 | Build | Castle |
| 17:47 | Build | House |
| 17:50 | Build | House |
| 17:52 | Build | House |
| 17:55 | Build | House |
| 18:05 | Create | Villager (Male) |
| 18:33 | Create | Villager (Male) |
| 18:34 | Create | Villager (Male) |
| 18:41 | Build | Farm |
| 18:42 | Build | Farm |
| 18:42 | Build | Farm |
| 18:42 | Build | Farm |
| 19:01 | Build | Mining Camp |
| 19:16 | Create | Villager (Male) |
| 19:17 | Create | Villager (Male) |
| 19:56 | Create | Villager (Male) |
| 20:17 | Create | Petard |
| 20:17 | Create | Petard |
| 20:18 | Create | Petard |
| 20:18 | Create | Petard |
| 20:18 | Create | Petard |
| 20:19 | Create | Petard |
| 20:19 | Create | Petard |
| 20:19 | Create | Petard |
| 21:00 | Create | Villager (Male) |
| 21:00 | Create | Villager (Male) |
| 21:00 | Create | Villager (Male) |
| 21:45 | Create | Villager (Male) |
| 22:30 | Build | Town Center |
| 22:36 | Create | Villager (Male) |
| 22:37 | Create | Villager (Male) |
| 23:00 | Build | House |
| 23:02 | Build | House |
| 23:07 | Create | Villager (Male) |
| 23:37 | Create | Petard |
| 24:14 | Create | Villager (Male) |
| 24:14 | Create | Villager (Male) |
| 24:14 | Create | Villager (Male) |
| 24:15 | Create | Villager (Male) |
| 24:15 | Create | Villager (Male) |
| 24:15 | Create | Villager (Male) |
| 24:16 | Create | Villager (Male) |
| 24:16 | Create | Villager (Male) |
| 24:26 | Create | Villager (Male) |
| 24:26 | Create | Villager (Male) |
| 24:39 | Create | Cataphract |
| 24:39 | Create | Cataphract |
| 24:40 | Create | Cataphract |
| 24:40 | Create | Cataphract |
| 24:55 | Build | Farm |
| 24:55 | Build | Farm |
| 24:55 | Build | Farm |
| 24:56 | Build | Farm |
| 24:56 | Build | Farm |
| 24:57 | Build | Farm |
| 25:27 | Build | Castle |
| 25:37 | Create | Villager (Male) |
| 25:37 | Create | Villager (Male) |
| 26:09 | Create | Villager (Male) |
| 26:09 | Create | Villager (Male) |
| 26:09 | Create | Villager (Male) |
| 26:14 | Create | Cataphract |
| 26:14 | Create | Cataphract |
| 26:15 | Create | Cataphract |
| 26:15 | Create | Cataphract |
| 26:47 | Build | Stone Wall |
| 26:49 | Create | Villager (Male) |
| 26:49 | Create | Villager (Male) |
| 26:49 | Create | Villager (Male) |
| 27:12 | Create | Villager (Male) |
| 27:13 | Create | Villager (Male) |
| 27:13 | Create | Villager (Male) |
| 27:45 | Build | Town Center |
| 27:48 | Create | Villager (Male) |
| 28:07 | Create | Villager (Male) |
| 28:07 | Create | Villager (Male) |
| 28:32 | Build | Mill |
| 28:33 | Build | Farm |
| 28:33 | Build | Farm |
| 28:34 | Build | Farm |
| 28:34 | Build | Farm |
| 28:34 | Build | Farm |
| 28:35 | Build | Farm |
Build order — Blade
First 150 of 320 actions detected
| 0:02 | Create | Villager (Male) |
| 0:02 | Create | Villager (Male) |
| 0:03 | Create | Villager (Male) |
| 0:03 | Create | Villager (Male) |
| 0:03 | Create | Villager (Male) |
| 0:04 | Build | House |
| 0:06 | Build | House |
| 1:30 | Create | Villager (Male) |
| 1:30 | Create | Villager (Male) |
| 1:56 | Build | Lumber Camp |
| 2:02 | Create | Villager (Male) |
| 2:02 | Create | Villager (Male) |
| 2:27 | Create | Villager (Male) |
| 2:27 | Create | Villager (Male) |
| 2:53 | Create | Villager (Male) |
| 2:53 | Create | Villager (Male) |
| 3:03 | Create | Villager (Male) |
| 3:57 | Create | Villager (Male) |
| 3:57 | Create | Villager (Male) |
| 3:57 | Create | Villager (Male) |
| 4:02 | Build | House |
| 4:03 | Build | House |
| 4:26 | Build | Mill |
| 4:37 | Create | Villager (Male) |
| 4:43 | Create | Villager (Male) |
| 5:41 | Create | Villager (Male) |
| 5:41 | Create | Villager (Male) |
| 6:04 | Create | Villager (Male) |
| 6:05 | Create | Villager (Male) |
| 6:09 | Build | Farm |
| 6:34 | Build | Farm |
| 6:46 | Create | Villager (Male) |
| 6:46 | Create | Villager (Male) |
| 7:02 | Build | Lumber Camp |
| 7:30 | Create | Villager (Male) |
| 7:30 | Create | Villager (Male) |
| 7:31 | Create | Villager (Male) |
| 7:53 | Build | House |
| 7:54 | Build | House |
| 8:26 | Create | Villager (Male) |
| 8:26 | Create | Villager (Male) |
| 8:29 | Create | Villager (Male) |
| 9:18 | Research | Feudal Age |
| 9:32 | Build | Mining Camp |
| 9:40 | Create | Villager (Male) |
| 9:40 | Create | Villager (Male) |
| 9:42 | Research | Loom |
| 10:11 | Build | Mill |
| 12:02 | Build | Barracks |
| 12:26 | Age | Feudal Age |
| 12:37 | Build | Market |
| 12:43 | Build | Blacksmith |
| 13:35 | Research | Castle Age |
| 13:39 | Research | Double-Bit Axe |
| 13:45 | Research | Horse Collar |
| 14:01 | Create | Spearman |
| 14:05 | Build | Farm |
| 14:08 | Build | Farm |
| 14:11 | Build | Farm |
| 14:14 | Build | Farm |
| 14:18 | Build | Farm |
| 14:22 | Build | Farm |
| 14:25 | Build | Farm |
| 15:13 | Create | Spearman |
| 15:25 | Research | Forging |
| 15:36 | Build | Archery Range |
| 15:41 | Build | Archery Range |
| 15:49 | Create | Spearman |
| 16:15 | Research | Fletching |
| 16:21 | Age | Castle Age |
| 16:22 | Create | Spearman |
| 16:29 | Create | Archer |
| 16:42 | Create | Villager (Male) |
| 16:50 | Create | Archer |
| 16:50 | Create | Archer |
| 16:57 | Build | House |
| 16:58 | Build | House |
| 16:59 | Build | House |
| 17:07 | Research | Crossbowman (upgrade) |
| 17:21 | Research | Crossbowman (upgrade) |
| 17:27 | Create | Spearman |
| 17:55 | Build | Town Center |
| 18:01 | Create | Villager (Male) |
| 18:08 | Create | Archer |
| 18:08 | Create | Archer |
| 18:13 | Research | Squires |
| 18:49 | Create | Archer |
| 18:49 | Create | Archer |
| 18:54 | Research | Pikeman (upgrade) |
| 19:01 | Create | Villager (Male) |
| 19:27 | Create | Villager (Male) |
| 19:27 | Create | Villager (Male) |
| 19:39 | Build | Farm |
| 19:39 | Build | Farm |
| 19:40 | Build | Farm |
| 19:41 | Build | Farm |
| 19:45 | Create | Villager (Male) |
| 19:46 | Create | Villager (Male) |
| 19:58 | Create | Archer |
| 19:58 | Create | Archer |
| 20:00 | Create | Villager (Male) |
| 20:15 | Build | Town Center |
| 20:20 | Create | Villager (Male) |
| 20:31 | Create | Archer |
| 20:35 | Create | Skirmisher |
| 20:40 | Create | Spearman |
| 20:51 | Create | Villager (Male) |
| 20:58 | Build | Farm |
| 21:05 | Create | Villager (Male) |
| 21:13 | Create | Archer |
| 21:22 | Build | House |
| 21:23 | Build | House |
| 21:24 | Build | House |
| 21:27 | Build | House |
| 21:28 | Build | House |
| 21:28 | Build | House |
| 21:29 | Build | House |
| 21:39 | Research | Town Watch |
| 21:39 | Create | Villager (Male) |
| 21:40 | Create | Villager (Male) |
| 21:48 | Research | Scale Mail Armor |
| 22:27 | Research | Arson |
| 22:35 | Research | Bodkin Arrow |
| 22:51 | Create | Villager (Male) |
| 22:52 | Create | Villager (Male) |
| 23:14 | Create | Villager (Male) |
| 23:14 | Create | Villager (Male) |
| 23:14 | Create | Villager (Male) |
| 23:19 | Create | Archer |
| 23:19 | Create | Archer |
| 23:34 | Create | Villager (Male) |
| 23:37 | Create | Villager (Male) |
| 23:44 | Build | Mill |
| 23:46 | Build | Farm |
| 23:46 | Build | Farm |
| 23:46 | Build | Farm |
| 23:47 | Build | Farm |
| 23:47 | Build | Farm |
| 23:53 | Research | Gold Mining |
| 24:01 | Create | Archer |
| 24:01 | Create | Archer |
| 24:04 | Create | Villager (Male) |
| 24:05 | Create | Villager (Male) |
| 24:05 | Create | Villager (Male) |
| 24:27 | Build | Mining Camp |
| 24:35 | Create | Villager (Male) |
| 24:35 | Create | Villager (Male) |
| 24:35 | Create | Villager (Male) |
| 24:38 | Create | Archer |
| 24:39 | Create | Archer |
Build order — biig_fiix
First 150 of 284 actions detected
| 0:01 | Create | Villager (Male) ×4 |
| 0:02 | Create | Villager (Male) ×4 |
| 0:03 | Build | House |
| 0:07 | Build | House |
| 1:30 | Create | Villager (Male) |
| 1:30 | Create | Villager (Male) |
| 1:31 | Create | Villager (Male) |
| 1:47 | Create | Villager (Male) |
| 1:47 | Create | Villager (Male) |
| 1:47 | Create | Villager (Male) |
| 1:50 | Build | Lumber Camp |
| 2:20 | Create | Villager (Male) |
| 2:20 | Create | Villager (Male) |
| 2:21 | Create | Villager (Male) |
| 3:03 | Create | Villager (Male) |
| 3:03 | Create | Villager (Male) |
| 3:03 | Create | Villager (Male) |
| 3:30 | Create | Villager (Male) |
| 3:30 | Create | Villager (Male) |
| 3:31 | Create | Villager (Male) |
| 3:31 | Create | Villager (Male) |
| 3:31 | Create | Villager (Male) |
| 3:58 | Create | Villager (Male) |
| 4:09 | Build | House |
| 4:12 | Build | Mill |
| 4:45 | Create | Villager (Male) |
| 5:18 | Create | Villager (Male) |
| 5:18 | Create | Villager (Male) |
| 5:18 | Create | Villager (Male) |
| 5:18 | Create | Villager (Male) |
| 5:19 | Create | Villager (Male) |
| 5:28 | Create | Villager (Male) |
| 5:57 | Build | House |
| 6:54 | Create | Villager (Male) |
| 7:12 | Build | Farm |
| 7:40 | Build | Mining Camp |
| 7:46 | Build | Farm |
| 7:50 | Create | Villager (Male) |
| 8:02 | Create | Villager (Male) |
| 8:03 | Create | Villager (Male) |
| 8:05 | Create | Villager (Male) |
| 8:22 | Build | Farm |
| 8:50 | Research | Feudal Age |
| 9:22 | Build | Mining Camp |
| 9:35 | Create | Villager (Male) |
| 9:36 | Create | Villager (Male) |
| 9:56 | Build | House |
| 11:40 | Age | Feudal Age |
| 11:43 | Build | Blacksmith |
| 11:47 | Build | Market |
| 12:05 | Build | Farm |
| 12:06 | Build | Farm |
| 12:34 | Research | Castle Age |
| 12:35 | Research | Castle Age |
| 12:50 | Build | Barracks |
| 13:03 | Research | Double-Bit Axe |
| 13:03 | Research | Double-Bit Axe |
| 13:20 | Build | House |
| 13:23 | Build | House |
| 13:45 | Build | Farm |
| 13:48 | Create | Spearman |
| 13:52 | Build | House |
| 14:06 | Research | Horse Collar |
| 14:06 | Research | Horse Collar |
| 14:30 | Build | House |
| 14:59 | Build | House |
| 15:11 | Create | Villager (Male) |
| 15:14 | Age | Castle Age |
| 15:14 | Create | Villager (Male) |
| 15:16 | Research | Loom |
| 16:13 | Build | Town Center |
| 16:18 | Create | Villager (Male) |
| 16:23 | Research | Bow Saw |
| 16:42 | Create | Villager (Male) |
| 16:49 | Build | Monastery |
| 17:12 | Build | Farm |
| 17:22 | Create | Villager (Male) |
| 17:23 | Create | Villager (Male) |
| 17:23 | Create | Villager (Male) |
| 17:26 | Create | Villager (Male) |
| 17:42 | Create | Villager (Male) ×5 |
| 17:52 | Build | Farm |
| 18:03 | Build | Farm |
| 18:34 | Build | Castle |
| 18:36 | Create | Monk |
| 18:47 | Build | Stone Wall |
| 18:53 | Create | Villager (Male) ×3 |
| 18:58 | Build | Farm |
| 18:59 | Build | Farm |
| 18:59 | Build | Farm |
| 18:59 | Build | Farm |
| 19:00 | Build | Farm |
| 19:00 | Build | Farm |
| 19:16 | Build | Farm |
| 19:41 | Create | Villager (Male) ×3 |
| 19:46 | Create | Monk |
| 20:00 | Build | Farm |
| 20:00 | Build | Farm |
| 20:01 | Build | Farm |
| 20:01 | Build | Farm |
| 20:01 | Build | Farm |
| 20:14 | Build | Farm |
| 20:30 | Build | Farm |
| 20:32 | Build | Farm |
| 20:42 | Build | Farm |
| 20:44 | Build | Farm |
| 20:46 | Build | Farm |
| 21:03 | Build | Town Center |
| 21:05 | Create | Villager (Male) ×5 |
| 21:09 | Create | Villager (Male) |
| 21:12 | Create | Villager (Male) |
| 21:22 | Build | Mining Camp |
| 21:28 | Create | Monk |
| 21:55 | Research | Town Watch |
| 22:01 | Research | Wheelbarrow |
| 22:02 | Create | Villager (Male) ×2 |
| 22:11 | Build | Farm |
| 22:12 | Build | Farm |
| 22:15 | Build | Farm |
| 22:16 | Build | Farm |
| 22:39 | Build | House |
| 22:42 | Build | House |
| 22:47 | Create | Monk |
| 22:58 | Create | Villager (Male) ×5 |
| 23:11 | Build | Farm |
| 23:11 | Build | Farm |
| 23:23 | Build | Farm |
| 23:24 | Build | Farm |
| 23:25 | Build | Farm |
| 23:27 | Build | Farm |
| 23:29 | Build | Mill |
| 23:39 | Build | Farm |
| 23:40 | Build | Farm |
| 23:42 | Build | Farm |
| 23:45 | Build | Farm |
| 24:23 | Create | Monk |
| 25:04 | Build | University |
| 25:21 | Create | Villager (Male) |
| 25:22 | Create | Villager (Male) |
| 25:22 | Create | Villager (Male) |
| 25:27 | Research | Imperial Age |
| 25:29 | Create | Villager (Male) |
| 25:30 | Create | Villager (Male) |
| 25:54 | Build | Lumber Camp |
| 26:02 | Build | Farm |
| 26:06 | Build | Farm |
| 26:12 | Create | Villager (Male) ×5 |
| 26:31 | Build | Siege Workshop |
| 26:38 | Research | Chemistry |
| 26:45 | Build | Barracks |
Build order — acp961
First 150 of 421 actions detected
| 0:12 | Build | House |
| 0:14 | Build | House |
| 0:14 | Create | Villager (Male) |
| 0:15 | Create | Villager (Male) |
| 0:15 | Create | Villager (Male) |
| 0:15 | Create | Villager (Male) |
| 0:15 | Create | Villager (Male) |
| 0:15 | Create | Villager (Male) |
| 1:30 | Create | Villager (Male) |
| 2:12 | Build | Lumber Camp |
| 2:16 | Create | Villager (Male) |
| 2:16 | Create | Villager (Male) |
| 2:40 | Create | Villager (Male) |
| 2:40 | Create | Villager (Male) |
| 3:02 | Create | Villager (Male) |
| 3:02 | Create | Villager (Male) |
| 3:30 | Create | Villager (Male) |
| 3:31 | Create | Villager (Male) |
| 3:39 | Build | House |
| 3:40 | Build | House |
| 3:56 | Create | Villager (Male) |
| 3:57 | Create | Villager (Male) |
| 4:41 | Create | Villager (Male) |
| 4:41 | Create | Villager (Male) |
| 4:41 | Create | Villager (Male) |
| 5:02 | Create | Villager (Male) |
| 5:02 | Create | Villager (Male) |
| 5:14 | Create | Villager (Male) |
| 5:14 | Create | Villager (Male) |
| 5:29 | Create | Villager (Male) |
| 5:29 | Create | Villager (Male) |
| 5:46 | Build | House |
| 5:50 | Build | House |
| 5:55 | Create | Villager (Male) |
| 5:55 | Create | Villager (Male) |
| 5:55 | Create | Villager (Male) |
| 6:20 | Create | Villager (Male) |
| 6:20 | Create | Villager (Male) |
| 6:26 | Build | Mill |
| 6:55 | Create | Villager (Male) |
| 7:32 | Build | Mining Camp |
| 7:38 | Build | Farm |
| 8:36 | Build | Farm |
| 8:40 | Build | Farm |
| 9:21 | Research | Feudal Age |
| 10:06 | Create | Villager (Male) |
| 10:06 | Create | Villager (Male) |
| 11:31 | Age | Feudal Age |
| 11:36 | Build | Market |
| 11:47 | Build | Blacksmith |
| 13:15 | Build | Farm |
| 13:22 | Research | Castle Age |
| 14:04 | Create | Villager (Male) |
| 14:05 | Create | Villager (Male) |
| 14:26 | Build | Farm |
| 14:26 | Build | Farm |
| 14:38 | Create | Villager (Male) |
| 14:38 | Create | Villager (Male) |
| 16:02 | Age | Castle Age |
| 16:07 | Build | Town Center |
| 16:32 | Build | Farm |
| 16:46 | Create | Villager (Male) |
| 16:46 | Create | Villager (Male) |
| 16:47 | Create | Villager (Male) |
| 16:47 | Create | Villager (Male) |
| 16:47 | Create | Villager (Male) |
| 16:58 | Build | Farm |
| 17:24 | Build | Farm |
| 17:34 | Build | House |
| 17:35 | Build | House |
| 17:39 | Build | House |
| 17:40 | Build | House |
| 17:40 | Build | House |
| 17:53 | Create | Villager (Male) |
| 17:54 | Create | Villager (Male) |
| 17:54 | Create | Villager (Male) |
| 17:54 | Create | Villager (Male) |
| 17:54 | Create | Villager (Male) |
| 17:54 | Create | Villager (Male) |
| 17:55 | Create | Villager (Male) |
| 17:55 | Create | Villager (Male) |
| 18:04 | Build | Mining Camp |
| 18:33 | Research | Double-Bit Axe |
| 18:35 | Research | Horse Collar |
| 18:48 | Build | Farm |
| 18:55 | Build | Farm |
| 19:01 | Build | Farm |
| 19:19 | Create | Villager (Male) |
| 19:19 | Create | Villager (Male) |
| 19:19 | Create | Villager (Male) |
| 20:22 | Build | House |
| 20:24 | Build | House |
| 20:25 | Build | House |
| 20:26 | Build | House |
| 20:34 | Build | Siege Workshop |
| 20:51 | Create | Villager (Male) |
| 20:51 | Create | Villager (Male) |
| 20:51 | Create | Villager (Male) |
| 20:51 | Create | Villager (Male) |
| 20:52 | Create | Villager (Male) |
| 20:52 | Create | Villager (Male) |
| 21:04 | Build | Farm |
| 21:04 | Build | Farm |
| 21:20 | Research | Bow Saw |
| 21:22 | Research | Heavy Plow |
| 21:30 | Build | Farm |
| 21:31 | Build | Farm |
| 21:32 | Build | Farm |
| 21:44 | Create | Villager (Male) |
| 21:44 | Create | Villager (Male) |
| 21:44 | Create | Villager (Male) |
| 22:23 | Research | Wheelbarrow |
| 22:28 | Create | Villager (Male) |
| 22:28 | Create | Villager (Male) |
| 22:44 | Build | Town Center |
| 22:56 | Create | Villager (Male) |
| 22:57 | Create | Villager (Male) |
| 22:57 | Create | Villager (Male) |
| 23:03 | Build | Farm |
| 23:07 | Build | Farm |
| 23:26 | Build | Siege Workshop |
| 23:32 | Build | Barracks |
| 23:45 | Build | Farm |
| 23:47 | Build | Farm |
| 23:48 | Build | Farm |
| 23:53 | Create | Villager (Male) |
| 23:53 | Create | Villager (Male) |
| 23:53 | Create | Villager (Male) |
| 23:53 | Create | Villager (Male) |
| 23:53 | Create | Villager (Male) |
| 23:54 | Create | Villager (Male) |
| 24:40 | Create | Villager (Male) |
| 24:40 | Create | Villager (Male) |
| 24:40 | Create | Villager (Male) |
| 24:40 | Create | Villager (Male) |
| 24:40 | Create | Villager (Male) |
| 24:41 | Create | Villager (Male) |
| 24:41 | Create | Villager (Male) |
| 24:41 | Create | Villager (Male) |
| 24:45 | Build | Farm |
| 24:45 | Build | Farm |
| 24:45 | Build | Farm |
| 24:46 | Build | Farm |
| 24:47 | Build | Farm |
| 24:52 | Create | Villager (Male) |
| 24:52 | Create | Villager (Male) |
| 24:53 | Create | Villager (Male) |
| 24:53 | Create | Villager (Male) |
| 25:27 | Build | House |
| 25:29 | Build | House |
Build order — HandsomeSquidward
First 150 of 229 actions detected
| 0:02 | Create | Villager (Male) ×5 |
| 0:04 | Build | House |
| 0:06 | Build | House |
| 1:36 | Create | Villager (Male) |
| 2:04 | Create | Villager (Male) |
| 2:20 | Create | Villager (Male) |
| 2:31 | Build | House |
| 2:32 | Build | House |
| 2:45 | Create | Villager (Male) |
| 2:46 | Create | Villager (Male) |
| 3:01 | Create | Villager (Male) |
| 3:01 | Create | Villager (Male) |
| 3:17 | Create | Villager (Male) |
| 3:17 | Create | Villager (Male) |
| 4:07 | Create | Villager (Male) |
| 4:07 | Create | Villager (Male) |
| 4:15 | Build | House |
| 4:18 | Build | Lumber Camp |
| 4:20 | Create | Villager (Male) |
| 4:20 | Create | Villager (Male) |
| 4:30 | Build | House |
| 4:33 | Build | House |
| 4:50 | Create | Villager (Male) |
| 5:02 | Create | Villager (Male) |
| 5:17 | Build | House |
| 5:18 | Build | House |
| 5:19 | Create | Villager (Male) |
| 5:49 | Create | Villager (Male) |
| 5:49 | Create | Villager (Male) |
| 6:06 | Create | Villager (Male) |
| 6:06 | Create | Villager (Male) |
| 6:43 | Create | Villager (Male) |
| 7:51 | Build | Mill |
| 8:11 | Research | Loom |
| 8:20 | Research | Feudal Age |
| 9:06 | Build | Barracks |
| 9:21 | Build | House |
| 9:22 | Build | House |
| 9:24 | Build | House |
| 9:25 | Build | House |
| 9:38 | Create | Villager (Male) ×5 |
| 9:49 | Build | Mining Camp |
| 10:03 | Build | Farm |
| 10:49 | Age | Feudal Age |
| 11:04 | Build | Market |
| 12:26 | Build | Stable |
| 12:43 | Research | Wheelbarrow |
| 13:10 | Build | Mill |
| 13:30 | Research | Bloodlines |
| 13:46 | Build | Farm |
| 13:57 | Build | Farm |
| 13:57 | Build | Farm |
| 14:09 | Build | Farm |
| 14:09 | Build | Farm |
| 14:18 | Create | Villager (Male) |
| 14:18 | Create | Villager (Male) |
| 14:41 | Build | Farm |
| 14:56 | Create | Villager (Male) |
| 15:02 | Build | Farm |
| 15:02 | Build | Farm |
| 15:04 | Build | Farm |
| 15:23 | Create | Villager (Male) |
| 15:50 | Create | Villager (Male) |
| 16:00 | Build | Farm |
| 16:01 | Build | Farm |
| 16:26 | Research | Castle Age |
| 17:10 | Build | Blacksmith |
| 17:24 | Research | Bloodlines |
| 17:27 | Research | Double-Bit Axe |
| 17:34 | Research | Horse Collar |
| 17:46 | Build | Stable |
| 18:06 | Research | Scale Barding Armor |
| 18:49 | Build | Stable |
| 18:52 | Age | Castle Age |
| 18:55 | Create | Knight |
| 19:03 | Research | Husbandry |
| 19:06 | Create | Villager (Male) ×4 |
| 19:13 | Build | Town Center |
| 19:25 | Create | Villager (Male) ×2 |
| 19:33 | Create | Villager (Male) ×2 |
| 20:00 | Create | Villager (Male) ×2 |
| 20:18 | Create | Knight |
| 20:25 | Create | Villager (Male) ×3 |
| 20:37 | Build | Town Center |
| 20:41 | Create | Villager (Male) |
| 20:59 | Create | Knight |
| 21:17 | Create | Villager (Male) ×3 |
| 21:32 | Create | Camel Scout |
| 21:47 | Create | Villager (Male) ×2 |
| 21:55 | Create | Knight |
| 22:08 | Create | Villager (Male) |
| 22:20 | Create | Knight |
| 22:22 | Create | Villager (Male) |
| 22:22 | Create | Villager (Male) |
| 22:25 | Build | Farm |
| 22:26 | Build | Farm |
| 22:26 | Build | Farm |
| 22:30 | Build | Farm |
| 22:30 | Build | Farm |
| 22:30 | Build | Farm |
| 22:31 | Create | Villager (Male) |
| 22:44 | Create | Villager (Male) |
| 22:59 | Create | Camel Scout |
| 23:11 | Create | Villager (Male) |
| 23:21 | Create | Knight |
| 23:21 | Create | Camel Scout |
| 23:40 | Build | Farm |
| 23:40 | Build | Farm |
| 23:40 | Build | Farm |
| 23:41 | Build | Farm |
| 23:41 | Build | Farm |
| 23:41 | Build | Farm |
| 23:42 | Create | Villager (Male) ×2 |
| 24:19 | Create | Villager (Male) ×3 |
| 24:36 | Build | Farm |
| 24:36 | Build | Farm |
| 24:37 | Create | Villager (Male) ×2 |
| 24:57 | Research | Forging |
| 25:09 | Build | House |
| 25:10 | Build | House |
| 25:10 | Build | House |
| 25:10 | Build | House |
| 25:11 | Build | House |
| 25:13 | Create | Villager (Male) ×2 |
| 25:25 | Create | Knight |
| 25:31 | Create | Villager (Male) |
| 25:41 | Build | House |
| 25:43 | Build | House |
| 25:43 | Build | House |
| 25:43 | Build | House |
| 25:44 | Build | House |
| 25:44 | Build | House |
| 25:44 | Build | House |
| 25:45 | Build | House |
| 25:53 | Create | Knight ×2 |
| 25:56 | Create | Villager (Male) |
| 25:59 | Create | Villager (Male) |
| 26:04 | Create | Villager (Male) |
| 26:17 | Build | University |
| 26:26 | Create | Knight ×2 |
| 26:57 | Research | Iron Casting |
| 27:05 | Build | Farm |
| 27:05 | Build | Farm |
| 27:05 | Build | Farm |
| 27:05 | Build | Farm |
| 27:06 | Build | Farm |
| 27:06 | Build | Farm |
| 27:06 | Build | Farm |
| 27:06 | Build | Farm |
| 27:07 | Build | Farm |
Build order — rubeolay
First 150 of 335 actions detected
| 0:05 | Build | House |
| 0:08 | Build | House |
| 0:09 | Build | House |
| 0:12 | Create | Villager (Male) ×4 |
| 1:35 | Create | Villager (Male) |
| 1:44 | Build | Lumber Camp |
| 2:06 | Create | Villager (Male) |
| 2:41 | Create | Villager (Male) |
| 3:25 | Create | Villager (Male) |
| 3:25 | Create | Villager (Male) |
| 3:25 | Create | Villager (Male) |
| 3:48 | Create | Villager (Male) |
| 4:18 | Create | Villager (Male) |
| 4:18 | Create | Villager (Male) |
| 4:19 | Create | Villager (Male) |
| 5:58 | Create | Villager (Male) ×4 |
| 6:12 | Build | House |
| 7:09 | Create | Villager (Male) |
| 7:34 | Build | Mill |
| 8:24 | Create | Villager (Male) |
| 9:22 | Create | Villager (Male) |
| 9:22 | Create | Villager (Male) |
| 9:22 | Create | Villager (Male) |
| 9:24 | Create | Villager (Male) |
| 10:32 | Research | Feudal Age |
| 11:17 | Build | Mining Camp |
| 12:43 | Build | House |
| 12:46 | Build | House |
| 12:48 | Build | House |
| 12:49 | Build | House |
| 13:00 | Create | Villager (Male) ×5 |
| 13:32 | Build | Blacksmith |
| 13:39 | Build | Market |
| 14:01 | Build | Farm |
| 14:10 | Build | Farm |
| 14:19 | Build | Farm |
| 14:52 | Build | House |
| 14:55 | Build | House |
| 15:45 | Build | Farm |
| 15:52 | Build | Farm |
| 15:54 | Create | Villager (Male) |
| 15:54 | Create | Villager (Male) |
| 16:57 | Build | Farm |
| 16:57 | Build | Farm |
| 16:57 | Build | Farm |
| 16:57 | Build | Farm |
| 16:57 | Build | Farm |
| 16:57 | Build | Farm |
| 16:57 | Build | Farm |
| 16:57 | Build | Farm |
| 16:57 | Build | Farm |
| 17:01 | Build | Farm |
| 17:01 | Build | Farm |
| 17:01 | Build | Farm |
| 17:01 | Build | Farm |
| 17:01 | Build | Farm |
| 17:01 | Build | Farm |
| 17:01 | Build | Farm |
| 17:01 | Build | Farm |
| 17:01 | Build | Farm |
| 17:01 | Build | Farm |
| 17:01 | Build | Farm |
| 17:01 | Build | Farm |
| 17:01 | Build | Farm |
| 17:01 | Build | Farm |
| 18:09 | Build | Farm |
| 18:10 | Build | Farm |
| 18:10 | Build | Farm |
| 18:10 | Build | Farm |
| 18:10 | Build | Farm |
| 18:10 | Build | Farm |
| 18:10 | Build | Farm |
| 18:10 | Build | Farm |
| 18:10 | Build | Farm |
| 18:10 | Build | Farm |
| 18:10 | Build | Farm |
| 18:10 | Build | Farm |
| 18:10 | Build | Farm |
| 18:10 | Build | Farm |
| 18:10 | Build | Farm |
| 18:10 | Build | Farm |
| 18:10 | Build | Farm |
| 18:10 | Build | Farm |
| 18:10 | Build | Farm |
| 18:10 | Build | Farm |
| 18:10 | Build | Farm |
| 18:10 | Build | Farm |
| 18:10 | Build | Farm |
| 18:10 | Build | Farm |
| 18:10 | Build | Farm |
| 18:10 | Build | Farm |
| 18:10 | Build | Farm |
| 18:10 | Build | Farm |
| 18:10 | Build | Farm |
| 18:10 | Build | Farm |
| 18:10 | Build | Farm |
| 18:10 | Build | Farm |
| 18:10 | Build | Farm |
| 18:10 | Build | Farm |
| 18:10 | Build | Farm |
| 18:10 | Build | Farm |
| 18:10 | Build | Farm |
| 18:10 | Build | Farm |
| 18:11 | Build | Farm |
| 18:11 | Build | Farm |
| 18:11 | Build | Farm |
| 18:11 | Build | Farm |
| 18:11 | Build | Farm |
| 18:11 | Build | Farm |
| 18:11 | Build | Farm |
| 18:11 | Build | Farm |
| 18:11 | Build | Farm |
| 18:11 | Build | Farm |
| 18:11 | Build | Farm |
| 18:11 | Build | Farm |
| 18:11 | Build | Farm |
| 18:11 | Build | Farm |
| 18:11 | Build | Farm |
| 18:11 | Build | Farm |
| 18:11 | Build | Farm |
| 18:11 | Build | Farm |
| 18:11 | Build | Farm |
| 18:11 | Build | Farm |
| 18:11 | Build | Farm |
| 18:11 | Build | Farm |
| 18:11 | Build | Farm |
| 18:11 | Build | Farm |
| 18:11 | Build | Farm |
| 18:11 | Build | Farm |
| 18:11 | Build | Farm |
| 18:11 | Build | Farm |
| 18:11 | Build | Farm |
| 18:11 | Build | Farm |
| 18:11 | Build | Farm |
| 18:11 | Build | Farm |
| 18:11 | Build | Farm |
| 18:11 | Build | Farm |
| 18:11 | Build | Farm |
| 18:11 | Build | Farm |
| 18:11 | Build | Farm |
| 18:12 | Build | Farm |
| 18:12 | Build | Farm |
| 18:12 | Build | Farm |
| 18:12 | Build | Farm |
| 18:12 | Build | Farm |
| 18:12 | Build | Farm |
| 18:12 | Build | Farm |
| 18:12 | Build | Farm |
| 18:12 | Build | Farm |
| 18:12 | Build | Farm |
Match timeline
| 9:06 | HandsomeSquidward · first_building Barracks |
| 10:30 | Xavi-10- · age_up feudal |
| 10:49 | HandsomeSquidward · age_up feudal |
| 11:31 | acp961 · age_up feudal |
| 11:40 | biig_fiix · age_up feudal |
| 12:02 | Blade · first_building Barracks |
| 12:22 | rodrigolbs · age_up feudal |
| 12:26 | Blade · age_up feudal |
| 12:26 | HandsomeSquidward · first_building Stable |
| 12:50 | biig_fiix · first_building Barracks |
| 13:28 | MANMOOSE · age_up feudal |
| 14:04 | Xavi-10- · age_up castle |
| 14:08 | Xavi-10- · first_building Monastery |
| 15:14 | biig_fiix · age_up castle |
| 15:36 | Blade · first_building Archery Range |
| 16:02 | acp961 · age_up castle |
| 16:21 | Blade · age_up castle |
| 16:26 | HandsomeSquidward · first_market_buy 100 food |
| 16:49 | biig_fiix · first_building Monastery |
| 17:07 | rodrigolbs · age_up castle |
| 17:42 | MANMOOSE · first_building Barracks |
| 17:44 | rodrigolbs · first_building Castle |
| 18:34 | biig_fiix · first_building Castle |
| 18:47 | biig_fiix · wall_segment Stone Wall x4 |
| 18:50 | MANMOOSE · first_building Archery Range |
| 18:52 | MANMOOSE · first_building Stable |
| 18:52 | HandsomeSquidward · age_up castle |
| 18:57 | rubeolay · first_building Barracks |
| 19:37 | MANMOOSE · age_up castle |
| 20:34 | acp961 · first_building Siege Workshop |
| 20:42 | Xavi-10- · first_building Barracks |
| 21:51 | Xavi-10- · first_building Stable |
| 23:32 | acp961 · first_building Barracks |
| 25:20 | rodrigolbs · first_market_buy 100 stone |
| 25:35 | Blade · first_building Castle |
| 26:22 | acp961 · first_building Castle |
| 26:31 | biig_fiix · first_building Siege Workshop |
| 26:47 | rodrigolbs · wall_segment Stone Wall x4 |
| 27:49 | HandsomeSquidward · first_building Castle |
| 28:07 | MANMOOSE · first_building Castle |
| 28:09 | Xavi-10- · wall_segment Stone Wall x1 |
| 28:24 | Xavi-10- · wall_segment Stone Wall x3 |
| 28:27 | Xavi-10- · age_up imperial |
| 28:37 | biig_fiix · age_up imperial |
| 28:50 | Xavi-10- · first_building Siege Workshop |
| 28:51 | biig_fiix · first_market_buy 100 wood |
| 29:27 | rubeolay · first_building Siege Workshop |
| 30:35 | HandsomeSquidward · first_building Siege Workshop |
| 32:35 | MANMOOSE · first_market_sell 500 wood |
| 33:12 | HandsomeSquidward · age_up imperial |
| 33:22 | rubeolay · first_market_sell 500 wood |
| 33:45 | rubeolay · first_building Stable |
| 34:36 | rodrigolbs · wall_segment Stone Wall x1 |
| 34:42 | rodrigolbs · wall_segment Stone Wall x1 |
| 34:45 | rodrigolbs · wall_segment Stone Wall x1 |
| 34:56 | acp961 · tribute_sent a jugador 1 |
| 34:56 | acp961 · tribute_sent a jugador 2 |
| 34:56 | acp961 · tribute_sent a jugador 3 |
| 34:56 | acp961 · tribute_sent a jugador 4 |
| 34:56 | acp961 · tribute_sent a jugador 5 |
| 34:56 | acp961 · tribute_sent a jugador 7 |
| 34:56 | acp961 · tribute_sent a jugador 8 |
| 35:42 | rodrigolbs · age_up imperial |
| 35:59 | MANMOOSE · age_up imperial |
| 36:03 | Xavi-10- · first_building Castle |
| 36:04 | MANMOOSE · first_building Siege Workshop |
| 36:10 | Blade · first_market_sell 500 stone |
| 39:25 | rubeolay · first_building Castle |
| 39:29 | Blade · age_up imperial |
| 39:34 | Xavi-10- · first_market_sell 500 food |
| 39:43 | acp961 · age_up imperial |
| 39:56 | acp961 · first_market_sell 100 wood |
| 40:27 | Xavi-10- · first_market_buy 100 stone |
| 41:56 | acp961 · wall_segment Stone Wall x9 |
| 44:17 | rubeolay · resign |
[ AI ANALYSIS · 1 CREDIT ]
What really happened in this match?
Wolo.gg analyzes every decision: build order, eco, micro, common mistakes by bracket. Personalized analysis on WhatsApp or Discord in 30 seconds.
Civ guide
Hindustanis
Perfil
Jugador #6055817